SA
CONNETQUOT CHIEFS @ ALAMEDA AIRMEN
07/20/2024
 
TOP OF THE 1ST
Connetquot Chiefs batting - Pitching for Alameda Airmen : RHP Dave Morse
Pitching: RHP Dave Morse
Batting: RHB David Pérez 0-0: Called Strike
0-1: Ball
1-1: Fly out, F9 (Flyball, 9M)
Batting: LHB SaQwan Hackett 0-0: Called Strike
0-1: Ground out 4-3 (Groundball, 4)
Batting: RHB José Magana 0-0: Foul Ball, location: 2F
0-1: Ground out 5-3 (Groundball, 56)
Top of the 1st over - 0 run(s), 0 hit(s), 0 error(s), 0 left on base; Connetquot 0 - Alameda 0
BOTTOM OF THE 1ST
Alameda Airmen batting - Pitching for Connetquot Chiefs : RHP Min-gook Chong
Pitching: RHP Min-gook Chong
Batting: LHB Pedro Tapia 0-0: Called Strike
0-1: Foul Ball, location: 2F
0-2: Strikes out swinging
Batting: SHB Luis Luquín 0-0: Ball
1-0: Ball
2-0: Ground out 4-3 (Groundball, 4M)
Batting: RHB Fernando Trinidad 0-0: Ball
1-0: Ball
2-0: Called Strike
2-1: Foul Ball, location: 2F
2-2: Ball
3-2: Strikes out swinging
Bottom of the 1st over - 0 run(s), 0 hit(s), 0 error(s), 0 left on base; Connetquot 0 - Alameda 0
TOP OF THE 2ND
Connetquot Chiefs batting - Pitching for Alameda Airmen : RHP Dave Morse
Batting: RHB Andrés Gonzáles 0-0: Called Strike
0-1: Fly out, F3 (Popup, 3SF)
Batting: RHB Geoffrey Broekhuizen 0-0: Called Strike
0-1: Ball
1-1: Swinging Strike
1-2: Strikes out looking
Batting: SHB Josh Sanders 0-0: Called Strike
0-1: Called Strike
0-2: Ground out 4-3 (Groundball, 4M)
Top of the 2nd over - 0 run(s), 0 hit(s), 0 error(s), 0 left on base; Connetquot 0 - Alameda 0
BOTTOM OF THE 2ND
Alameda Airmen batting - Pitching for Connetquot Chiefs : RHP Min-gook Chong
Batting: RHB Lenny Roper 0-0: Ball
1-0: Ball
2-0: Foul Ball, location: 2F
2-1: Foul Ball, location: 2F
2-2: Strikes out looking
Batting: LHB César Nieves 0-0: Ball
1-0: Ball
2-0: Called Strike
2-1: SINGLE (Groundball, 34D)
Batting: SHB Domingo Luna 0-0: Foul Ball, location: 2F
0-1: Ball
1-1: Ball
2-1: Ball
3-1: Foul Ball, location: 2F
3-2: Foul Ball, location: 2F
3-2: Base on Balls
César Nieves to second
Batting: RHB Chad Shafer 0-0: Called Strike
0-1: Fly out, F8 (Flyball, 8LM)
Batting: LHB Billy Mays 0-0: Ball
1-0: Ball
2-0: Called Strike
2-1: Foul Ball, location: 2F
2-2: Ball
3-2: Strikes out looking
Bottom of the 2nd over - 0 run(s), 1 hit(s), 0 error(s), 2 left on base; Connetquot 0 - Alameda 0
TOP OF THE 3RD
Connetquot Chiefs batting - Pitching for Alameda Airmen : RHP Dave Morse
Batting: SHB Britt Ducker 0-0: Ground out 1-3 (Groundball, 25)
Batting: RHB Jesús Quintana 0-0: Ball
1-0: Ball
2-0: Fly out, F8 (Flyball, 8LM)
Batting: LHB Cornelius Taitt 0-0: Called Strike
0-1: Ball
1-1: Ball
2-1: Foul Ball, location: 2F
2-2: Ground out 4-3 (Groundball, 4)
Top of the 3rd over - 0 run(s), 0 hit(s), 0 error(s), 0 left on base; Connetquot 0 - Alameda 0
BOTTOM OF THE 3RD
Alameda Airmen batting - Pitching for Connetquot Chiefs : RHP Min-gook Chong
Batting: LHB Enrique Vásquez 0-0: Called Strike
0-1: Ball
1-1: SINGLE (Line Drive, 4MD)
Batting: LHB Pedro Tapia 0-0: Called Strike
Enrique Vásquez is caught stealing 2nd base
0-1: Foul Ball, location: 2F
0-2: Ball
1-2: DOUBLE (Line Drive, 9LM)
Batting: SHB Luis Luquín 0-0: Ball
Pedro Tapia steals 3rd base
1-0: Reached on error, E3 (Groundball, 3S)
Pedro Tapia scores
Batting: RHB Fernando Trinidad 0-0: Ball
1-0: Grounds into double play, 6-4-3 (Groundball, 6M)
Bottom of the 3rd over - 1 run(s), 2 hit(s), 1 error(s), 0 left on base; Connetquot 0 - Alameda 1
TOP OF THE 4TH
Connetquot Chiefs batting - Pitching for Alameda Airmen : RHP Dave Morse
Batting: RHB David Pérez 0-0: Swinging Strike
0-1: Swinging Strike
0-2: Foul Ball, location: 2F
0-2: SINGLE (Flyball, 9S)
Batting: LHB SaQwan Hackett 0-0: SINGLE (Line Drive, 9S)
David Pérez to second
Batting: RHB José Magana 0-0: Ball
1-0: Called Strike
1-1: Ball
2-1: Ground out 4-3 (Groundball, 4M)
David Pérez to third
SaQwan Hackett to second
Batting: RHB Andrés Gonzáles 0-0: Fly out, F9 (Flyball, 89D)
Runner from 3rd tags up, SCORES, no throw
Batting: RHB Geoffrey Broekhuizen 0-0: Swinging Strike
0-1: Swinging Strike
0-2: Foul Ball, location: 2F
0-2: Strikes out swinging
Top of the 4th over - 1 run(s), 2 hit(s), 0 error(s), 1 left on base; Connetquot 1 - Alameda 1
BOTTOM OF THE 4TH
Alameda Airmen batting - Pitching for Connetquot Chiefs : RHP Min-gook Chong
Batting: RHB Lenny Roper 0-0: Called Strike
0-1: Called Strike
0-2: Ball
1-2: SINGLE (Line Drive, 34)
Batting: LHB César Nieves 0-0: Ball
1-0: DOUBLE (Line Drive, 78M)
Lenny Roper to third
Batting: SHB Domingo Luna 0-0: Ground out 6-3 (Groundball, 6)
Lenny Roper scores
Batting: RHB Chad Shafer 0-0: Called Strike
0-1: Ground out U3 (Groundball, 3)
César Nieves to third
Batting: LHB Billy Mays 0-0: SINGLE (Line Drive, 89S)
César Nieves scores
Batting: LHB Enrique Vásquez 0-0: Called Strike
Billy Mays is caught stealing 2nd base
Bottom of the 4th over - 2 run(s), 3 hit(s), 0 error(s), 0 left on base; Connetquot 1 - Alameda 3
TOP OF THE 5TH
Connetquot Chiefs batting - Pitching for Alameda Airmen : RHP Dave Morse
Batting: SHB Josh Sanders 0-0: Ball
1-0: Swinging Strike
1-1: Swinging Strike
1-2: Ball
2-2: Fly out, F9 (Popup, 89S)
Batting: SHB Britt Ducker 0-0: Called Strike
0-1: DOUBLE (Line Drive, 3D)
Batting: RHB Jesús Quintana 0-0: Called Strike
0-1: Foul Ball, location: 2F
0-2: Ball
1-2: Ball
2-2: Ball
3-2: Foul Ball, location: 2F
3-2: Foul Ball, location: 2F
3-2: Base on Balls
Batting: LHB Cornelius Taitt 0-0: Ball
1-0: Foul Ball, location: 2F
1-1: Called Strike
1-2: Ball
2-2: Ball
3-2: Base on Balls
Britt Ducker to third
Jesús Quintana to second
Batting: RHB David Pérez 0-0: Ball
1-0: Ball
2-0: Fielders Choice at 2nd, 4-6 (Groundball, 4M)
Britt Ducker scores
Jesús Quintana to third
Batting: LHB SaQwan Hackett 0-0: SINGLE (Groundball, 4M)
Jesús Quintana scores
David Pérez to second
Batting: RHB José Magana 0-0: Fielders Choice at 2nd, 6-4 (Groundball, 6)
Top of the 5th over - 2 run(s), 2 hit(s), 0 error(s), 1 left on base; Connetquot 3 - Alameda 3
BOTTOM OF THE 5TH
Alameda Airmen batting - Pitching for Connetquot Chiefs : RHP Min-gook Chong
Batting: LHB Enrique Vásquez 0-0: Ball
1-0: Ball
2-0: Ball
3-0: Called Strike
3-1: Foul Ball, location: 2F
3-2: DOUBLE (Flyball, 78M)
Batting: LHB Pedro Tapia 0-0: Fly out, F6 (Popup, 6D)
Batting: SHB Luis Luquín 0-0: Called Strike
0-1: Ball
1-1: Ball
2-1: Foul Ball, location: 2F
2-2: Ball
3-2: Fly out, F8 (Flyball, 8LM)
Batting: RHB Fernando Trinidad 0-0: Swinging Strike
0-1: Ball
1-1: Swinging Strike
1-2: Foul Ball, location: 2F
1-2: Strikes out swinging
Bottom of the 5th over - 0 run(s), 1 hit(s), 0 error(s), 1 left on base; Connetquot 3 - Alameda 3
TOP OF THE 6TH
Connetquot Chiefs batting - Pitching for Alameda Airmen : RHP Dave Morse
Batting: RHB Andrés Gonzáles 0-0: Fly out, F9 (Flyball, 89D)
Batting: RHB Geoffrey Broekhuizen 0-0: Ball
1-0: Ball
2-0: Called Strike
2-1: Swinging Strike
2-2: Strikes out looking
Batting: SHB Josh Sanders 0-0: Foul Ball, location: 2F
0-1: Called Strike
0-2: Strikes out looking
Top of the 6th over - 0 run(s), 0 hit(s), 0 error(s), 0 left on base; Connetquot 3 - Alameda 3
BOTTOM OF THE 6TH
Alameda Airmen batting - Pitching for Connetquot Chiefs : RHP Min-gook Chong
Batting: RHB Lenny Roper 0-0: SINGLE (Groundball, 6MD)
Batting: LHB César Nieves 0-0: Called Strike
0-1: Called Strike
0-2: Strikes out swinging
Batting: SHB Domingo Luna 0-0: Ball
1-0: Called Strike
1-1: Ball
2-1: Grounds into double play, 4-6-3 (Groundball, 4)
Bottom of the 6th over - 0 run(s), 1 hit(s), 0 error(s), 0 left on base; Connetquot 3 - Alameda 3
TOP OF THE 7TH
Connetquot Chiefs batting - Pitching for Alameda Airmen : RHP Dave Morse
Batting: SHB Britt Ducker 0-0: Called Strike
0-1: Foul Ball, location: 2F
0-2: Ball
1-2: Ball
2-2: Strikes out swinging
Pinch Hitting: LHB Félix Fernández 0-0: Called Strike
0-1: Ball
1-1: Ball
2-1: Foul Ball, location: 2F
2-2: Ball
3-2: Base on Balls
Pinch Hitting: RHB Jim Unknown 0-0: Called Strike
0-1: Swinging Strike
0-2: SINGLE (Groundball, 4MD)
Félix Fernández to second
Félix Fernández to third
Batting: RHB David Pérez 0-0: Ball
1-0: Ball
2-0: Ball
3-0: Called Strike
3-1: Base on Balls
Jim Unknown to second
Batting: LHB SaQwan Hackett 0-0: Ball
1-0: Ball
2-0: DOUBLE (Line Drive, 9LS)
Félix Fernández scores
Jim Unknown scores
David Pérez to third
Batting: RHB José Magana 0-0: Ball
1-0: Ball
2-0: Called Strike
2-1: Foul Ball, location: 2F
2-2: Strikes out swinging
Pitching: LHP Jorge Cruz
Batting: RHB Andrés Gonzáles 0-0: Ball
1-0: Ball
2-0: Called Strike
2-1: Called Strike
2-2: Ground out 5-3 (Groundball, 15S)
Top of the 7th over - 2 run(s), 2 hit(s), 0 error(s), 2 left on base; Connetquot 5 - Alameda 3
BOTTOM OF THE 7TH
Alameda Airmen batting - Pitching for Connetquot Chiefs : RHP Min-gook Chong
Now at 2B: Jim Unknown
Now in RF: Félix Fernández
Batting: RHB Chad Shafer 0-0: Called Strike
0-1: Ball
1-1: Foul Ball, location: 2F
1-2: Ground out 6-3 (Groundball, 6M)
Batting: LHB Billy Mays 0-0: Ball
1-0: Fly out, F5 (Popup, 5F)
Batting: LHB Enrique Vásquez 0-0: Ball
1-0: Foul Ball, location: 2F
1-1: Called Strike
1-2: Fly out, F7 (Line Drive, 7S)
Bottom of the 7th over - 0 run(s), 0 hit(s), 0 error(s), 0 left on base; Connetquot 5 - Alameda 3
TOP OF THE 8TH
Connetquot Chiefs batting - Pitching for Alameda Airmen : LHP Jorge Cruz
Batting: RHB Geoffrey Broekhuizen 0-0: Ball
1-0: SOLO HOME RUN (Flyball, 78XD), Distance : 404 ft
Batting: SHB Josh Sanders 0-0: Ball
1-0: Called Strike
1-1: Swinging Strike
1-2: Ball
2-2: Strikes out swinging
Batting: SHB Britt Ducker 0-0: Ball
1-0: Called Strike
1-1: Ball
2-1: Ball
3-1: Called Strike
3-2: Foul Ball, location: 2F
3-2: Strikes out swinging
Batting: LHB Félix Fernández 0-0: Foul Ball, location: 2F
0-1: Ball
1-1: SINGLE (Flyball, 9S)
Batting: RHB Jim Unknown 0-0: Ball
Félix Fernández steals 2nd base
1-0: Ball
2-0: Called Strike
2-1: Ball
3-1: Swinging Strike
3-2: Foul Ball, location: 2F
3-2: Foul Ball, location: 2F
3-2: Base on Balls
Batting: RHB David Pérez 0-0: SINGLE (Groundball, 4MD)
Félix Fernández to third
Jim Unknown to second
Runner from 3rd tries for Home, SAFE, no throw or cutoff
Pitching: LHP Diego Vázquez
Batting: LHB SaQwan Hackett 0-0: Ball
1-0: Called Strike
1-1: Ball
2-1: SINGLE (Flyball, 89S)
Jim Unknown to third
David Pérez to second
Runner from 3rd tries for Home, SAFE, no throw or cutoff
Batting: RHB José Magana 0-0: Called Strike
0-1: Ball
1-1: Called Strike
1-2: Ground out 5-3 (Groundball, 56S)
Top of the 8th over - 3 run(s), 4 hit(s), 0 error(s), 2 left on base; Connetquot 8 - Alameda 3
BOTTOM OF THE 8TH
Alameda Airmen batting - Pitching for Connetquot Chiefs : RHP Min-gook Chong
Now at C: Tim Taylor
Batting: LHB Pedro Tapia 0-0: Called Strike
0-1: Foul Ball, location: 2F
0-2: Strikes out swinging
Batting: SHB Luis Luquín 0-0: Ball
1-0: Ground out 6-3 (Groundball, 6M)
Batting: RHB Fernando Trinidad 0-0: Called Strike
0-1: Hit by Pitch
Pitching: RHP Vicente Escamilla
Batting: RHB Lenny Roper 0-0: Ball
1-0: Ball
2-0: SINGLE (Line Drive, 34D)
Fernando Trinidad to second
Runner from 2nd tries for 3rd, SAFE, throw made to third
Batting: LHB César Nieves 0-0: Ball
1-0: Reached on Error, E9 (Flyball, 89M)
Fernando Trinidad scores
Lenny Roper to third
Batting: SHB Domingo Luna 0-0: Called Strike
0-1: Called Strike
0-2: Strikes out looking
Bottom of the 8th over - 1 run(s), 1 hit(s), 1 error(s), 2 left on base; Connetquot 8 - Alameda 4
TOP OF THE 9TH
Connetquot Chiefs batting - Pitching for Alameda Airmen : LHP Diego Vázquez
Batting: RHB Andrés Gonzáles 0-0: Ball
1-0: Foul Ball, location: 2F
1-1: Called Strike
1-2: Ball
2-2: Ground out 5-3 (Groundball, 5S)
Batting: RHB Geoffrey Broekhuizen 0-0: Ground out 5-3 (Groundball, 56)
Batting: SHB Josh Sanders 0-0: Called Strike
0-1: Swinging Strike
0-2: Ball
1-2: Ball
2-2: Ball
3-2: Base on Balls
Batting: SHB Britt Ducker 0-0: Called Strike
0-1: Fielders Choice at 2nd, U6 (Groundball, 6M)
Top of the 9th over - 0 run(s), 0 hit(s), 0 error(s), 1 left on base; Connetquot 8 - Alameda 4
BOTTOM OF THE 9TH
Alameda Airmen batting - Pitching for Connetquot Chiefs : RHP Vicente Escamilla
Batting: RHB Chad Shafer 0-0: Swinging Strike
0-1: Fly out, F5 (Popup, 56)
Batting: LHB Billy Mays 0-0: Foul Ball, location: 2F
0-1: Ball
1-1: Swinging Strike
1-2: Foul Ball, location: 2F
1-2: Ball
2-2: Foul Ball, location: 2F
2-2: Foul Ball, location: 2F
2-2: Fly out, F3 (Line Drive, 3)
Batting: LHB Enrique Vásquez 0-0: Ball
1-0: Called Strike
1-1: Ball
2-1: Foul Ball, location: 2F
2-2: Ground out 4-3 (Groundball, 34D)
Bottom of the 9th over - 0 run(s), 0 hit(s), 0 error(s), 0 left on base; Connetquot 8 - Alameda 4
This league is powered by Out of the Park Baseball, the baseball management simulation game for PC, Mac and Linux
Monday, October 3rd, 2016 - OOTP Baseball 16.9 Build 39